AoeStats
← Anfangspunkt

Nomad

503662701Analyzed
4v4 RM · 1mo ago on Sep 1, 2026· 52m 22s· 8 players
Game mode
Random Map
Map size
231×231
Population
200
Speed
Normal
Resources
Standard
Victory
Conquest
Starting age
Dark Age
Ending age
Imperial Age
RankedLock teamsTeams togetherTeam positionsShared explorationLock speedFull tech treeHidden civsTurbo modeCheats
Victory
Defeat
🇩🇪 Portuguese · Germany
1002
+14
🇩🇪 Vikings · Germany
988
+15
🇵🇱 Persians · Poland
945
+17
🇹🇷 Huns · Türkiye
938
+17
🇸🇪 Romans · Sweden
1056
-20
🇩🇪 Sicilians · Germany
971
-16
🇵🇱 Persians · Poland
947
-18
🇸🇪 Sicilians · Sweden
875
-12
THAI-MING
12:33 Feudal Age
13:21 Double-Bit Axe
13:19 Horse Collar
14:09 Loom
18:28 Stone Mining
18:30 Gold Mining
21:00 Castle Age
22:07 Bow Saw
22:15 Heavy Plow
23:37 Wheelbarrow
23:44 Gold Mining
26:23 Hand Cart
32:53 Imperial Age
32:32 Gold Shaft Mining
32:31 Man-at-Arms
33:12 Squires
35:22 Scale Mail Armor
35:34 Forging
35:46 Long Swordsman
35:48 Pikeman
37:46 Chain Mail Armor
38:30 Legionary
42:54 Iron Casting
Heftilus
6:00 Loom
15:01 Feudal Age
20:27 Castle Age
19:31 Double-Bit Axe
24:21 Bow Saw
29:10 Fletching
37:12 Imperial Age
35:20 Wheelbarrow
34:32 Town Watch
34:57 Stone Mining
35:29 Ballistics
35:12 Arson
35:30 Husbandry
37:10 Stone Shaft Mining
36:28 Gold Mining
36:35 Murder Holes
37:15 First Crusade
37:27 Squires
36:49 Pikeman
40:03 Chemistry
38:51 Elite Serjeant
40:15 Scale Mail Armor
40:26 Forging
Avipt
16:20 Feudal Age
17:06 Double-Bit Axe
17:04 Horse Collar
20:11 Arson
22:02 Forging
29:17 Castle Age
30:11 Bow Saw
30:04 Heavy Plow
30:00 Pikeman
30:40 Squires
38:49 Fishing Lines
39:35 Stone Mining
39:36 Gold Mining
Thorgall
4:35 Loom
17:10 Feudal Age
22:24 Fishing Lines
24:01 Double-Bit Axe
24:12 Stone Mining
26:03 Wheelbarrow
25:27 Gold Mining
31:24 Castle Age
Anfangspunkt
14:47 Feudal Age
16:08 Wheelbarrow
16:20 Wheelbarrow
22:09 Double-Bit Axe
28:46 Castle Age
30:04 Medium Warships
31:10 Forging
30:55 Fletching
31:14 Gold Mining
37:56 Pikeman
40:11 Bodkin Arrow
43:21 Padded Archer Armor
43:59 Crossbowman
53:21 Imperial Age
Pangaea
5:19 Loom
14:18 Feudal Age
15:05 Fishing Lines
15:48 Double-Bit Axe
17:49 Gold Mining
22:14 Castle Age
20:24 Stone Mining
20:19 Horse Collar
22:21 Scale Mail Armor
22:32 Forging
23:27 Gillnets
24:00 Bow Saw
25:21 Medium Warships
25:29 Pikeman
26:07 Arson
27:06 Iron Casting
31:49 Imperial Age
34:14 Squires
38:32 Chain Mail Armor
40:27 Conscription
41:48 Chieftains
43:30 Blast Furnace
43:40 Plate Mail Armor
43:33 Ballistics
44:39 Heavy Plow
46:38 Hoardings
48:47 Fletching
50:01 Chemistry
50:30 Siege Engineers
50:22 Murder Holes
52:57 Two-Man Saw
51:58 Bodkin Arrow
Helenka
5:06 Loom
15:56 Feudal Age
20:55 Castle Age
21:52 Double-Bit Axe
23:07 Wheelbarrow
22:37 Stone Mining
23:30 Scale Barding Armor
33:13 Pikeman
33:38 Gambesons
34:14 Forging
34:05 Scale Mail Armor
37:03 Gold Mining
36:56 Horse Collar
40:50 Bloodlines
40:41 Husbandry
41:21 Iron Casting
43:11 Chain Barding Armor
46:00 Imperial Age
43:46 Hand Cart
45:14 Gold Shaft Mining
45:15 Stone Shaft Mining
44:53 Bow Saw
44:50 Heavy Plow
45:44 Cavalier
47:28 Blast Furnace
47:08 Plate Barding Armor
47:12 Conscription
47:32 Savar
50:06 Two-Man Saw
49:51 Crop Rotation
50:47 Spies/Treason
Garp
19:45 Feudal Age
20:15 Double-Bit Axe
20:42 Gold Mining
22:59 Fishing Lines
22:59 Man-at-Arms
26:09 Scale Mail Armor
26:21 Forging
29:49 Wheelbarrow
33:29 Castle Age
32:55 Stone Mining
37:33 Castle Age
44:05 Bow Saw
47:10 Scale Barding Armor
47:42 Iron Casting
Connection lost

Rejoining the realm…

Still unreachable

The connection could not be restored.

Session expired

The server has moved on; the page needs a fresh start.